 Dungeon Crawl Stone Soup version 0.30-a0-782-ge64f9170bb (webtiles) character file.

Game seed: 14943257563381781529

52 tilp the Slasher (level 4, 0/60 HPs)
             Began as a Meteoran Fighter on Feb 18, 2023.
             Slain by Robin
             ... wielding a +0 spear
              (2 damage)
             ... on level 3 of the Dungeon.
             The game lasted 00:03:28 (694 turns).

tilp the Slasher (Meteoran Fighter)                  Turns: 694, Time: 00:03:28

Health: 0/60       AC:  9    Str: 17    XL:     4   Next: 29%
Magic:  5/5        EV:  7    Int:  9    God:
Gold:   66         SH:  6    Dex: 22    Spells: 3/3 levels left

rFire   + . .      SeeInvis .    a - +1 long sword
rCold   . . .      Faith    .    c - +0 buckler
rNeg    . . .      Spirit   .    k - +0 chain mail
rPois   .          Reflect  .    (no helmet)
rElec   .          Harm     .    (no cloak)
rCorr   .          Rampage  .    (no gloves)
Will    .....                    (no boots) Stlth
                                 (no amulet)
HPRegen 0.30/turn                e - ring of protection from fire
MPRegen 0.09/turn                g - +6 ring of dexterity

@: mighty, berserking, glowing, very quick
A: sense surroundings 1, otherworldly, glowing, explore regen
a: no special abilities


You were on level 3 of the Dungeon.
You visited 1 branch of the dungeon, and saw 3 of its levels.

You collected 66 gold pieces.

Inventory:

Hand Weapons
 a - a +1 long sword (weapon)
Missiles
 h - 17 stones
 n - 3 poisoned darts (quivered)
Armour
 c - a +0 buckler (worn)
 k - a +0 chain mail (worn)
Jewellery
 e - a ring of protection from fire (left hand)
 g - a +6 ring of dexterity (right hand)
Scrolls
 l - 2 scrolls of magic mapping
Potions
 m - a potion of curing {unknown}


   Skills:
 + Level 3.8 Fighting
 * Level 3.8 Long Blades
 + Level 0.1 Throwing
 - Level 3.6 Armour
 + Level 1.7 Dodging
 - Level 3.6 Shields


You had 3 spell levels left.
You didn't know any spells.
Your spell library contained the following spells:

 Spells                   Type           Power      Damage    Failure   Level
 Lesser Beckoning         Tloc           0%         N/A       100%        2
 Call Canine Familiar     Summ           0%         N/A       100%        3
 Gell's Gravitas          Tloc           0%         N/A       100%        3
 Hailstorm                Conj/Ice       0%         3d3       100%        3
 Portal Projectile        Hex/Tloc       0%         N/A       100%        3
 Teleport Other           Tloc           0%         N/A       100%        3
 Ice Form                 Ice/Tmut       0%         N/A       100%        4
 Leda's Liquefaction      Hex/Erth       0%         N/A       100%        4
 Simulacrum               Ice/Necr       0%         N/A       100%        6


Dungeon Overview and Level Annotations

Branches:
Dungeon (3/15) Zot: 1069

Altars:

Shops:
D:2 (

Annotations:
D:3 Grinder, Natasha, Robin


Innate Abilities, Weirdness & Mutations

You passively map a small area around you.
You are easily found by Zot.
You glow in the dark.
You regain HP and MP as you explore.


Message History

The goblin no longer looks unusually strong.
The quokka bites you but does no damage.
Robin roars a battlecry!
The goblins go into a battle-frenzy!
The goblin hits you but does no damage. The frilled lizard bites you.
* * * LOW HITPOINT WARNING * * *
The hobgoblin barely misses you. The goblin hits you but does no damage.
Unknown command.
You miss the goblin.
The goblin is severely wounded.
You block the quokka's attack.
The frilled lizard bites you but does no damage.
The goblin hits you with a +0 dagger.
* * * LOW HITPOINT WARNING * * *
The hobgoblin completely misses you. Robin hits you but does no damage.
The goblin hits you but does no damage.
Grinder blinks!
Unknown command.
You barely miss the goblin.
The goblin is severely wounded.
The crimson imp grinds its teeth.
The quokka bites you but does no damage.
The goblin hits you but does no damage.
The frilled lizard bites you but does no damage.
The hobgoblin hits you.
* * * LOW HITPOINT WARNING * * *
Robin hits you from afar with a +0 spear.
* * * LOW HITPOINT WARNING * * *
The goblin hits you but does no damage.
Unknown command.
You slash the goblin!
You kill the goblin!
The quokka bites you but does no damage.
The hobgoblin hits you.
* * * LOW HITPOINT WARNING * * *
The frilled lizard bites you but does no damage.
The goblin hits you with a +0 dagger.
* * * LOW HITPOINT WARNING * * *
Robin says, "My army is invincible!"
Robin hits you from afar with a +0 spear.
You die...

****#**####### **,,,..##§§§§○##
**,,,,...§§§§§§5##
*,,,,,...§§○☼☼gg)################
*,,,,,...§☼§☼gor@°☼○§§§..........
*,,,,,...○§§§5hgl########.....###
*,,,,,...○○☼§.ggg# **#.###....
*,,,,,...§§§○☼.g5# ****...# ####.
*,,,,,..$☼§°°§§§5#**,...### ##
**,,,,...○§☼☼○○§§○...###*
**,,,,..#°☼○○§§#§§##**
*,,,,,...○°§○☼○.☼§#
,,,,,,..........#.#


You could see Grinder, Robin, Natasha (resistant), a crimson imp (summoned), a
white imp (summoned), a shadow imp (summoned), an orc, a quokka, a hobgoblin
(strong), 6 goblins and a frilled lizard.

Vanquished Creatures
  An adder (D:2)
  A worm (D:2)
  2 endoplasms
  2 giant cockroaches
  4 goblins
  5 hobgoblins
  8 jackals
  4 kobolds
  3 bats
  A frilled lizard (D:2)
  5 rats
36 creatures vanquished.

Vanquished Creatures (others)
  A plant (D:1)
1 creature vanquished.

Grand Total: 37 creatures vanquished

Notes
Turn   | Place    | Note
-------+----------+-------------------------------------------
     0 | D:1      | tilp the Meteoran Fighter began the quest for the Orb.
     0 | D:1      | Reached XP level 1. HP: 19/19 MP: 2/2
    87 | D:1      | Reached XP level 2. HP: 26/26 MP: 3/3
   195 | D:3      | Reached skill level 1 in Dodging
   270 | D:1      | Reached XP level 3. HP: 18/31 MP: 4/4
   492 | D:2      | Reached XP level 4. HP: 40/40 MP: 5/5
   524 | D:2      | Found Gipeuj's Antique Weapon Shop.
   666 | D:3      | Noticed Natasha
   672 | D:3      | Noticed Grinder
   673 | D:3      | Noticed Robin
   680 | D:3      | Paralysed by Grinder for 3 turns
   682 | D:3      | HP: 2/40 [orc/+0 flail (1)]
   694 | D:3      | HP: 2/60 [goblin/+0 dagger[Robin] (4)]
   694 | D:3      | Slain by Robin

Illustrated notes

Levels and vault maps discovered:
D:1:      denvon_arrival_planthouse, layout_basic, minmay_misc_feat_more_columns
D:2:      layout_rooms, serial_shops, shop, chequers_serial_rivers_micro_b
D:3:      layout_rooms, shapermc_ecumenical_altar_venn, uniq_natasha,
          uniq_grinder, uniq_robin

Skill      XL: |  1  2 |
---------------+-------+-----
Long Blades    | 3 |  3.8
Dodging        | 1 |  1.7
Fighting       | |  3.8
Throwing       | |  0.1
Armour         | |  3.6
Shields        | |  3.6

Action                     |  1- 3 |  4- 6 || total
---------------------------+-------+-------++-------
  Melee: Long sword        |    80 |    29 ||   109
    Use: Scroll            |     2 |     4 ||     6
         Potion            |       |     5 ||     5
 Armour: Scale mail        |    10 |       ||    10
         Chain mail        |    40 |   104 ||   144
  Dodge: Dodged            |    21 |    28 ||    49
  Block: Buckler           |    31 |    30 ||    61

Table legend: (Time is in decaauts)
 A = Elapsed time spent in this place.
 B = Non-inter-level travel time spent in this place.
 C = Inter-level travel time spent in this place.
 D = Time resting spent in this place.
 E = Time spent auto-exploring this place.
 F = Levels seen in this place.
 G = Mean time per level.
                   A        B        C        D        E       F      G
               +--------+--------+--------+--------+--------+-----+--------+
         Total |    729 |    704 |     25 |      0 |      0 |   3 |  243.0 |
       Dungeon |    729 |    704 |     25 |      0 |      0 |   3 |  243.0 |
               +--------+--------+--------+--------+--------+-----+--------+

Top non-repeatable levels by time:
     D:2: 299 daAuts
     D:1: 238 daAuts
     D:3: 190 daAuts
